 Dungeon Crawl Stone Soup version 0.32-a0-576-g706899e69d (webtiles) character file.

Game seed: 12350042066858740542

490 Scrunko the Ducker (level 7, 0/51 HPs)
             Began as a Djinni Conjurer on Mar 1, 2024.
             Killed by miscasting Fulminant Prism (11 damage)
             ... on level 4 of the Dungeon.
             The game lasted 00:06:12 (3419 turns).

Scrunko the Ducker (Djinni Conjurer)                Turns: 3419, Time: 00:06:13

Health: 0/51       AC:  4    Str:  6    XL:     7   Next: 37%
Gold:   83         EV: 14    Int: 21    God:
                   SH:  0    Dex: 18

rFire   + + .        j - +2 dagger (speed)
rCold   x . .        (no shield)
rNeg    . . .        a - +0 robe
rPois   ∞            k - +0 helmet
rElec   .            (no cloak)
rCorr   .            b - +0 pair of gloves
SInv    .            (boots unavailable)
Will    +....        (no amulet)
Stlth   ++           c - ring of willpower
HPRegen 0.28/turn    p - +6 ring of dexterity
MPRegen 0.00/turn

%: infuse magic (-1 HP)
@: about to teleport, flying, very slightly contaminated
A: sickness immunity, fire resistance 2, cold vulnerability 1, float, innate
caster, HP casting, extra vitality 1
a: no special abilities


You were on level 4 of the Dungeon.
You visited 1 branch of the dungeon, and saw 4 of its levels.

You collected 83 gold pieces.

Inventory:

Hand Weapons
 j - a +2 dagger of speed (weapon)
Armour
 a - a +0 robe (worn)
 b - a +0 pair of gloves (worn)
 k - a +0 helmet (worn)
Jewellery
 c - a ring of willpower (left hand)
 p - a +6 ring of dexterity (right hand)
Scrolls
 g - a scroll of teleportation
 i - 2 scrolls of identify {unknown}
 l - a scroll of fear {unknown}
 o - a scroll of vulnerability {unknown}
 q - a scroll of immolation {unknown}
Potions
 d - a potion of enlightenment {unknown}
 e - a potion of haste {unknown}
 f - 2 potions of heal wounds {unknown}
 h - a potion of degeneration {unknown}
 m - a potion of curing {unknown}
 n - a potion of cancellation {unknown}


   Skills:
 + Level 3.9 Fighting
 + Level 5.0 Dodging
 - Level 1.5 Stealth
 + Level 4.8 Spellcasting
 + Level 4.8 Conjurations
 + Level 4.8 Hexes
 + Level 4.8 Summonings
 + Level 4.8 Necromancy
 + Level 4.8 Translocations
 + Level 4.8 Fire Magic
 + Level 4.8 Ice Magic
 + Level 4.8 Air Magic
 + Level 4.8 Earth Magic
 + Level 4.8 Alchemy


You knew the following spells:

 Your Spells              Type           Power      Damage    Failure   Level
a - Magic Dart            Conj           100%       1d8       1%          1
b - Searing Ray           Conj           50%        2d6       2%          2
c - Fulminant Prism       Conj/Alch      12%        3d9       16%         4
d - Iskenderun's Mystic   Conj/Tloc      25%        2d7       16%         4
e - Foxfire               Conj/Fire      100%       2x1d9     1%          1
f - Static Discharge      Conj/Air       50%        3-6/arc   2%          2
g - Passwall              Erth           25%        N/A       4%          3
Your spell library was empty.

Dungeon Overview and Level Annotations

Branches:
Dungeon (4/15)
 Temple: D:4-7

Altars:
Dithmenos
Yredelemnul

Shops:
D:1 (

Annotations:
D:4 Duvessa


Innate Abilities, Weirdness & Mutations

You are immune to sickness and miasma.
You are immune to poison.
Your flesh is very heat resistant. (rF++)
You are vulnerable to cold. (rC-)
You float through the air rather than walking.
You learn spells naturally, not from books.
Your magical power is your life essence.
You have superior vitality. (+4 MHP)


Message History

Dowan is moderately wounded.
The jackal misses you. Duvessa hits you with a +0 short sword.
The searing ray hits Duvessa but does no damage.
Duvessa is moderately wounded.
The searing ray hits Dowan!
Dowan is severely wounded.
The jackal bites you but does no damage.
Duvessa hits you but does no damage. The jackal closely misses you.
Unknown command.
The searing ray hits Duvessa.
Duvessa is heavily wounded.
The searing ray hits Dowan!
You kill Dowan!
Duvessa screams in rage.
Duvessa goes berserk!
You finish channelling your searing ray.
Duvessa barely misses you. The jackal closely misses you.
Duvessa hits you with a +0 short sword!
Your Dodging skill increases to level 5!
The searing ray hits Duvessa!
Duvessa is heavily wounded. (Press . to maintain the ray.)
The jackal bites you. x2; Duvessa hits you with a +0 short sword!
The jackal closely misses you. The jackal misses you.
You are too injured to fight recklessly!
Unknown command.
As you read the scroll of teleportation, it crumbles to dust.
You feel strangely unstable. Duvessa hits you with a +0 short sword.
* * * LOW HITPOINT WARNING * * *
The jackal closely misses you.
The jackal bites you but does no damage.
The jackal closely misses you. Duvessa closely misses you.
Casting: Searing Ray (safe; 2% risk of failure)
Confirm with . or Enter, or press ? or * to list all spells.
Aiming: Fulminant Prism (quite dangerous; 16% risk of failure)
Press: ? - help, Dir - move target, p - Duvessa You miscast Fulminant Prism.
You are very lightly contaminated with residual magic.
You are caught in a violent explosion!
You die...

#.# #.#### #.#
#.# #####.# #.#
....... #.#
#.##..# #.#
#.##..#######.#
#)##......†...#
#e###.#########
.#####@###.#
#.....hhh...#
#.......#####
#.#######


You could see Duvessa (berserk) and 3 jackals.

Vanquished Creatures
  Sigmund (D:2)
  A black bear (D:3)
  Dowan (D:4)
  A bombardier beetle (D:3)
  An orc wizard (D:3)
  Robin (D:2)
  4 adders
  2 dart slugs
  2 ribbon worms (D:2)
  4 orcs (D:3)
  4 endoplasms
  A giant cockroach (D:2)
  15 goblins
  9 hobgoblins
  A jackal (D:2)
  4 kobolds
  7 quokkas
  6 ball pythons
  3 bats
  3 frilled lizards
  A rat (D:2)
72 creatures vanquished.

Notes
Turn   | Place    | Note
-------+----------+-------------------------------------------
     0 | D:1      | Scrunko the Djinni Conjurer began the quest for the Orb.
     0 | D:1      | Scrunko set off with the following spells memorised: Magic
                  | Dart, Searing Ray, Fulminant Prism, Iskenderun's Mystic
                  | Blast.
     0 | D:1      | Reached XP level 1. HP: 15/15 MP: 0/0
    94 | D:1      | Reached XP level 2. HP: 18/22 MP: 0/0
   227 | D:1      | Reached skill level 1 in Fighting
   300 | D:1      | Reached XP level 3. HP: 25/27 MP: 0/0
   300 | D:1      | Learned a level 1 spell: Foxfire
   315 | D:1      | Found Ocezxaj's Weapon Emporium.
   513 | D:1      | Found a faded altar of an unknown god.
   790 | D:2      | Noticed Sigmund
   935 | D:2      | Killed Sigmund
   936 | D:2      | Reached skill level 4 in Dodging
   936 | D:2      | Reached XP level 4. HP: 9/34 MP: 0/0
   936 | D:2      | Reached XP level 5. HP: 10/40 MP: 0/0
   936 | D:2      | Learned a level 2 spell: Static Discharge
   936 | D:2      | Reached XP level 6. HP: 12/45 MP: 0/0
  1366 | D:2      | Found a basalt altar of Yredelemnul.
  1574 | D:2      | Noticed Robin
  1580 | D:2      | Killed Robin
  2330 | D:3      | Noticed a black bear
  2338 | D:3      | Killed a black bear
  2490 | D:3      | Reached XP level 7. HP: 43/50 MP: 0/0
  2490 | D:3      | Learned a level 3 spell: Passwall
  3351 | D:4      | Found a shadowy altar of Dithmenos.
  3411 | D:4      | Noticed Duvessa
  3411 | D:4      | Noticed Dowan
  3416 | D:4      | Killed Dowan
  3417 | D:4      | Reached skill level 5 in Dodging
  3419 | D:4      | Killed by miscasting Fulminant Prism

Illustrated notes

Levels and vault maps discovered:
D:1:      roadster_arrival_rocket_large, layout_loops_ring,
          dilly_ecumenical_altar_fadedgnrine, serial_shops, shop,
          minmay_crystal_room
D:2:      layout_rooms, basic_altar, grunt_ministairs_2,
          kennysheep_generic_room_13, uniq_robin, uniq_sigmund
D:3:      layout_basic, guppyfry_early_lair_pool
D:4:      layout_loops_ring, mainiacjoe_overflow_brackets, serial_shops, shop,
          minmay_hollow_rounded_squares, uniq_duvessa

Skill      XL: |  1  2  3  4  5  6  7 |
---------------+----------------------+-----
Fighting       | 1 2 3 |  3.9
Dodging        | 4 5 |  5.0
Spellcasting   | 4 |  4.8
Conjurations   | 4 |  4.8
Hexes          | 4 |  4.8
Summonings     | 4 |  4.8
Necromancy     | 4 |  4.8
Translocations | 4 |  4.8
Fire Magic     | 4 |  4.8
Ice Magic      | 4 |  4.8
Air Magic      | 4 |  4.8
Earth Magic    | 4 |  4.8
Alchemy        | 4 |  4.8
Stealth        | |  1.5

Action                     |  1- 3 |  4- 6 |  7- 9 || total
---------------------------+-------+-------+-------++-------
   Cast: Magic Dart        |    49 |       |       ||    49
         Searing Ray       |     4 |    27 |    12 ||    43
    Use: Scroll            |       |     2 |     1 ||     3
 Armour: Robe              |     3 |    19 |    11 ||    33
  Dodge: Dodged            |    10 |    12 |    11 ||    33

Table legend: (Time is in decaauts)
 A = Elapsed time spent in this place.
 B = Non-inter-level travel time spent in this place.
 C = Inter-level travel time spent in this place.
 D = Time resting spent in this place.
 E = Time spent auto-exploring this place.
 F = Levels seen in this place.
 G = Mean time per level.
                   A        B        C        D        E       F      G
               +--------+--------+--------+--------+--------+-----+--------+
         Total |   3417 |   3236 |    181 |    729 |   2145 |   4 |  854.2 |
       Dungeon |   3417 |   3236 |    181 |    729 |   2145 |   4 |  854.2 |
               +--------+--------+--------+--------+--------+-----+--------+

Top non-repeatable levels by time:
     D:2: 1423 daAuts
     D:3: 974 daAuts
     D:1: 906 daAuts
     D:4: 113 daAuts
